[Event "1st 4NCL International Open"]
[Site "Telford"]
[Date "2018.11.02"]
[Round "5"]
[White "Bennett, Dominic L"]
[Black "Paul, Nathanael"]
[Result "1-0"]
[ECO "D11"]
[WhiteElo "1933"]
[BlackElo "1890"]
[Annotator "NA"]
[PlyCount "123"]
[EventDate "2018.10.31"]
[EventType "swiss"]
[EventCountry "GBR"]
[SourceTitle "playchess.com"]
[Source "ChessBase"]
[SourceQuality "1"]
[TimeControl "5400+30"]

1. c4 c6 2. Nf3 Nf6 3. g3 d5 4. Bg2 Bf5 5. d4 e6 6. O-O Be7 7. Bf4 dxc4 8. Nbd2 Nbd7 9. Nxc4 Nb6 10. Na5 Qc8 11. Qb3 O-O 12. Rac1 Nfd5 13. Bg5 Bb4 14. Bd2 Bd6 15. Rfe1 Bg6 16. e4 Ne7 17. Bb4 Rd8 18. Qa3 Bxb4 19. Qxb4 Qc7 20. Nb3 h6 21. Qa5 Rac8 22. a3 Qb8 23. Ne5 Bh7 24. Bh3 Rd6 25. Qc3 Ng6 26. Nd3 Rf8 27. Qa5 Rdd8 28. Bg2 Ne7 29. Qh5 Nec8 30. Ndc5 Nd7 31. Nxd7 Rxd7 32. Red1 Rfd8 33. f4 Qc7 34. Qc5 Qb6 35. Qxb6 axb6 36. Kf2 Kf8 37. Bf3 Nd6 38. Ke3 Nb5 39. g4 f6 40. h4 Bg8 41. e5 fxe5 42. dxe5 Bh7 43. Rxd7 Rxd7 44. Rd1 Rxd1 45. Bxd1 Nc7 46. Nd4 c5 47. Ne2 Nd5+ 48. Kf3 Bd3 49. Nc3 Nxc3 50. bxc3 Bc4 51. Ke3 Ke7 52. Bf3 Ba6 53. Be2 Bxe2 54. Kxe2 g6 55. c4 Kf7 56. a4 Kg7 57. h5 g5 58. Kf3 gxf4 59. Kxf4 Kf7 60. g5 Kg7 61. gxh6+ Kxh6 62. Kg4 1-0

[Event "1st 4NCL International Open"]
[Site "Telford"]
[Date "2018.11.02"]
[Round "5"]
[White "Jukes, Sam"]
[Black "Akeya-Price, Robert"]
[Result "1-0"]
[ECO "B14"]
[WhiteElo "1863"]
[BlackElo "1730"]
[Annotator "NA"]
[PlyCount "105"]
[EventDate "2018.10.31"]
[EventType "swiss"]
[EventCountry "GBR"]
[SourceTitle "playchess.com"]
[Source "ChessBase"]
[SourceQuality "1"]
[TimeControl "5400+30"]

1. e4 c6 2. d4 d5 3. exd5 cxd5 4. c4 Nf6 5. Nc3 e6 6. Nf3 Bb4 7. a3 Bxc3+ 8. bxc3 O-O 9. c5 b6 10. cxb6 axb6 11. Bd3 Qc7 12. Bd2 Ba6 13. Qe2 Ne4 14. Bxa6 Rxa6 15. O-O Nxc3 16. Qd3 Ne4 17. Rfc1 Qb7 18. Bb4 Rc8 19. Rxc8+ Qxc8 20. Qf1 Ra7 21. Ne5 f6 22. Rc1 Rc7 23. Rxc7 Qxc7 24. f3 Nc3 25. Ng4 Na4 26. Qe1 Qd7 27. Nxf6+ gxf6 28. Qg3+ Kf7 29. Qxb8 Qe8 30. Qc7+ Kg8 31. h4 b5 32. h5 h6 33. Qf4 Kg7 34. g4 e5 35. Qe3 Nb2 36. Bd2 Nc4 37. Qxh6+ Kg8 38. Qxf6 Nxd2 39. Qg5+ Kh7 40. Qxd2 e4 41. Qg5 Qb8 42. Qe5 Qg8 43. Qf5+ Kh8 44. Qf6+ Kh7 45. Qg6+ Qxg6 46. hxg6+ Kxg6 47. fxe4 dxe4 48. Kf2 Kg5 49. Ke3 Kxg4 50. Kxe4 Kg5 51. Ke5 Kg6 52. Ke6 Kg7 53. Ke7 1-0

[Event "1st 4NCL International Open"]
[Site "Telford"]
[Date "2018.11.02"]
[Round "5"]
[White "Ther, Mate"]
[Black "Ferrington, Nigel M"]
[Result "0-1"]
[ECO "B44"]
[WhiteElo "1759"]
[BlackElo "2130"]
[Annotator "NA"]
[PlyCount "86"]
[EventDate "2018.10.31"]
[EventType "swiss"]
[EventCountry "GBR"]
[SourceTitle "playchess.com"]
[Source "ChessBase"]
[SourceQuality "1"]
[TimeControl "5400+30"]

1. e4 c5 2. Nf3 e6 3. c4 Nc6 4. d4 cxd4 5. Nxd4 Nf6 6. Nc3 Bb4 7. Nxc6 dxc6 8. Qxd8+ Kxd8 9. Bd3 e5 10. Bd2 Ke7 11. a3 Rd8 12. Bc2 Bc5 13. Nd1 Be6 14. b3 Rd7 15. Bc3 Bd4 16. O-O Rad8 17. Rc1 Bxc3 18. Nxc3 Ne8 19. Rfd1 Nc7 20. Rxd7+ Rxd7 21. Kf1 f6 22. Ke2 Bg4+ 23. f3 Bh5 24. Ke3 Ne6 25. Ne2 Nd4 26. Nxd4 Rxd4 27. Rd1 c5 28. Rd3 Kd6 29. Kd2 Be8 30. b4 Bf7 31. Bb3 b6 32. b5 Be6 33. a4 f5 34. Ke3 fxe4 35. fxe4 Bf7 36. Rc3 Ke7 37. h3 Kf6 38. g3 Kg5 39. Kf3 Be6 40. h4+ Kh5 41. Ba2 Rd2 42. Bb3 Bg4+ 43. Ke3 Rg2 0-1

[Event "1st 4NCL International Open"]
[Site "Telford"]
[Date "2018.11.03"]
[Round "6"]
[White "Mihalik, Agoston"]
[Black "Stepanyan, Henrik"]
[Result "1-0"]
[ECO "C45"]
[WhiteElo "2223"]
[BlackElo "2158"]
[Annotator "NA"]
[PlyCount "135"]
[EventDate "2018.10.31"]
[EventType "swiss"]
[EventCountry "GBR"]
[SourceTitle "playchess.com"]
[Source "ChessBase"]
[SourceQuality "1"]
[TimeControl "5400+30"]

1. e4 e5 2. Nf3 Nc6 3. d4 exd4 4. Nxd4 Bc5 5. Nb3 Bb6 6. Nc3 Qf6 7. Qe2 Nge7 8. Be3 Bxe3 9. Qxe3 a6 10. O-O-O O-O 11. f4 d6 12. Be2 Qh4 13. g3 Qh3 14. Nd5 Nxd5 15. exd5 Na7 16. Nd4 c6 17. dxc6 bxc6 18. Nf3 Qf5 19. Rxd6 Be6 20. Qe5 Qxe5 21. Nxe5 Bd5 22. Bf3 Nc8 23. Rd7 Nb6 24. Rb7 Bxf3 25. Nxf3 Rfb8 26. Rxb8+ Rxb8 27. Ne5 Rc8 28. Rd1 f6 29. Nd7 Nc4 30. Nc5 g5 31. fxg5 fxg5 32. Ne4 Rf8 33. b3 Ne3 34. Re1 Rf1 35. Rxf1 Nxf1 36. Nxg5 Nxh2 37. Ne4 Kg7 38. Kd2 Kg6 39. Ke2 Kf5 40. Nc5 Kg4 41. Kf2 Nf3 42. Nxa6 Nd4 43. Nb4 c5 44. Nd3 Nxc2 45. Nxc5 Na3 46. b4 h5 47. Ne4 Kf5 48. Nc3 Ke5 49. Ne2 Ke4 50. Nc3+ Kd4 51. b5 Nc4 52. Ne2+ Kc5 53. Nf4 Kxb5 54. Nxh5 Nd6 55. Ke2 Ka4 56. g4 Nf7 57. Ke3 Ka3 58. Ke4 Kxa2 59. Kd5 Kb3 60. Nf4 Kc3 61. Nh3 Nh6 62. g5 Nf5 63. Nf4 Nh4 64. Ke4 Kc4 65. Ng2 Ng6 66. Kf5 Nf8 67. Nf4 Kb5 68. Ne6 1-0

[Event "1st 4NCL International Open"]
[Site "Telford"]
[Date "2018.11.03"]
[Round "6"]
[White "Mason, Donald J"]
[Black "Ther, Mate"]
[Result "1-0"]
[ECO "C54"]
[WhiteElo "2165"]
[BlackElo "1759"]
[Annotator "NA"]
[PlyCount "49"]
[EventDate "2018.10.31"]
[EventType "swiss"]
[EventCountry "GBR"]
[SourceTitle "playchess.com"]
[Source "ChessBase"]
[SourceQuality "1"]
[TimeControl "5400+30"]

1. e4 e5 2. Nf3 Nc6 3. Bc4 Bc5 4. c3 Nf6 5. d3 O-O 6. Bg5 d6 7. b4 Bb6 8. a4 a5 9. b5 Ne7 10. Nbd2 c6 11. O-O d5 12. Bb3 Ng6 13. d4 Bg4 14. exd5 cxd5 15. h3 Bxf3 16. Nxf3 e4 17. Ne5 Qd6 18. Bxf6 gxf6 19. Ng4 Kg7 20. Ne3 Ne7 21. Qh5 Rad8 22. Bxd5 Bc7 23. f4 exf3 24. Rxf3 Kh8 25. Be4 1-0

[Event "1st 4NCL International Open"]
[Site "Telford"]
[Date "2018.11.03"]
[Round "6"]
[White "Munshi, Aditya"]
[Black "Jamieson, Ian"]
[Result "1-0"]
[ECO "C07"]
[WhiteElo "2117"]
[BlackElo "1947"]
[Annotator "NA"]
[PlyCount "39"]
[EventDate "2018.10.31"]
[EventType "swiss"]
[EventCountry "GBR"]
[SourceTitle "playchess.com"]
[Source "ChessBase"]
[SourceQuality "1"]
[TimeControl "5400+30"]

1. e4 e6 2. d4 d5 3. Nd2 c5 4. exd5 Qxd5 5. Ngf3 cxd4 6. Bc4 Qd6 7. O-O Nf6 8. Nb3 Nc6 9. Nbxd4 Nxd4 10. Nxd4 h6 11. Nb5 Qb8 12. Qf3 e5 13. Qb3 a6 14. Bxf7+ Kd8 15. Be3 b6 16. Nc3 Bc5 17. Nd5 Nd7 18. Rad1 Bxe3 19. fxe3 b5 20. Qb4 1-0

[Event "1st 4NCL International Open"]
[Site "Telford"]
[Date "2018.11.03"]
[Round "6"]
[White "White, Stuart A"]
[Black "Bennett, Dominic L"]
[Result "1/2-1/2"]
[ECO "E54"]
[WhiteElo "2113"]
[BlackElo "1933"]
[Annotator "NA"]
[PlyCount "79"]
[EventDate "2018.10.31"]
[EventType "swiss"]
[EventCountry "GBR"]
[SourceTitle "playchess.com"]
[Source "ChessBase"]
[SourceQuality "1"]
[TimeControl "5400+30"]

1. d4 Nf6 2. c4 e6 3. Nc3 Bb4 4. e3 O-O 5. Nf3 c5 6. Bd3 d5 7. O-O cxd4 8. exd4 dxc4 9. Bxc4 b6 10. Bg5 Bb7 11. Qe2 Bxc3 12. bxc3 Nc6 13. Rfd1 Na5 14. Bd3 Re8 15. c4 Rc8 16. Rac1 Kf8 17. Bxh7 Bxf3 18. Qxf3 Rxc4 19. Rxc4 Nxc4 20. Be4 Kg8 21. Bc6 Rf8 22. Qe2 Nd6 23. d5 exd5 24. Bxd5 Re8 25. Qd3 Qe7 26. h4 Rd8 27. Bb3 Rd7 28. Rc1 Qe5 29. Bc2 Nde4 30. Bxf6 Nxf6 31. Qf3 g6 32. Bb3 Kg7 33. g3 Re7 34. Kg2 Qa5 35. Rc6 Qe5 36. Qc3 Qe4+ 37. Qf3 Qe5 38. Rc3 Qe1 39. Rc2 Qe5 40. Rc1 1/2-1/2

[Event "1st 4NCL International Open"]
[Site "Telford"]
[Date "2018.11.03"]
[Round "6"]
[White "Ahluwalia, Amardip"]
[Black "Jukes, Sam"]
[Result "1-0"]
[ECO "A10"]
[WhiteElo "2085"]
[BlackElo "1863"]
[Annotator "NA"]
[PlyCount "68"]
[EventDate "2018.10.31"]
[EventType "swiss"]
[EventCountry "GBR"]
[SourceTitle "playchess.com"]
[Source "ChessBase"]
[SourceQuality "1"]
[TimeControl "5400+30"]

1. c4 b6 2. e4 Bb7 3. Nc3 e6 4. Nge2 Nf6 5. d3 d6 6. g3 Be7 7. Bg2 O-O 8. O-O e5 9. f4 c5 10. Kh1 exf4 11. gxf4 Nbd7 12. Ng3 g6 13. Rb1 Bc6 14. b3 h5 15. Nd5 h4 16. Ne2 Rc8 17. Nec3 Bxd5 18. cxd5 a6 19. Bb2 b5 20. Qe2 Qc7 21. e5 dxe5 22. fxe5 Nxe5 23. Nxb5 axb5 24. Bxe5 Bd6 25. Bxf6 Bxh2 26. Bxh4 Rce8 27. Qf3 Re5 28. Kxh2 Rh5+ 29. Kh3 f5 30. Qg3 Qh7 31. Bf3 Rh6 32. Qg5 f4 33. Rg1 Kg7 34. Rbe1 Rf5 1-0

[Event "1st 4NCL International Open"]
[Site "Telford"]
[Date "2018.11.03"]
[Round "6"]
[White "Paul, Nathanael"]
[Black "Zabrocki, Philip"]
[Result "1/2-1/2"]
[ECO "C01"]
[WhiteElo "1890"]
[BlackElo "1952"]
[Annotator "NA"]
[PlyCount "62"]
[EventDate "2018.10.31"]
[EventType "swiss"]
[EventCountry "GBR"]
[SourceTitle "playchess.com"]
[Source "ChessBase"]
[SourceQuality "1"]
[TimeControl "5400+30"]

1. e4 e6 2. d4 d5 3. Nc3 Bb4 4. exd5 exd5 5. Bd3 Nc6 6. a3 Bxc3+ 7. bxc3 Nge7 8. Qh5 Be6 9. Rb1 b6 10. Ne2 Qd7 11. h3 Bf5 12. g4 Bxd3 13. cxd3 Qe6 14. Bf4 O-O-O 15. Kd2 h6 16. Be3 g5 17. h4 f6 18. hxg5 hxg5 19. Qxh8 Rxh8 20. Rxh8+ Kb7 21. Rh6 Ng8 22. Rh8 Nge7 23. Rh6 Ng8 24. Rhh1 Na5 25. f4 Qe7 26. fxg5 Qxa3 27. Ke1 Qe7 28. Kf2 fxg5 29. Rh5 Qf7+ 30. Kg2 Qe6 31. Kf3 Qf7+ 1/2-1/2

[Event "1st 4NCL International Open"]
[Site "Telford"]
[Date "2018.11.03"]
[Round "6"]
[White "Guha, Chirag"]
[Black "Clark, Robert G"]
[Result "0-1"]
[ECO "A70"]
[WhiteElo "1887"]
[BlackElo "2025"]
[Annotator "NA"]
[PlyCount "138"]
[EventDate "2018.10.31"]
[EventType "swiss"]
[EventCountry "GBR"]
[SourceTitle "playchess.com"]
[Source "ChessBase"]
[SourceQuality "1"]
[TimeControl "5400+30"]

1. d4 Nf6 2. c4 c5 3. d5 e6 4. Nc3 exd5 5. cxd5 d6 6. e4 g6 7. Nf3 Bg4 8. h3 Bxf3 9. Qxf3 Bg7 10. Bd3 a6 11. a4 O-O 12. O-O Nbd7 13. Bf4 Qe7 14. Qe2 Rfe8 15. Rae1 Rab8 16. Nd1 Ne5 17. Bxe5 Qxe5 18. Ne3 Qd4 19. Nc4 Nxd5 20. Bb1 Nf4 21. Qc2 b5 22. axb5 axb5 23. Ne3 Qxb2 24. Qd1 Be5 25. g3 Nxh3+ 26. Kg2 Ng5 27. Re2 Qb4 28. f4 Nxe4 29. Nd5 Nc3 30. Nxb4 Nxd1 31. Rxd1 Bc3 32. Rxe8+ Rxe8 33. Nd5 Bd4 34. Rxd4 Re1 35. Rd2 Rxb1 36. Nf6+ Kg7 37. Ne8+ Kf8 38. Nxd6 c4 39. Rc2 Ke7 40. Ne4 h6 41. Kf3 Rb3+ 42. Kf2 f5 43. Nd2 Rb4 44. Ke3 g5 45. Kf3 Kd6 46. Ke3 Ra4 47. Rc3 Kd5 48. fxg5 hxg5 49. Nf3 b4 50. Rc1 Ra3+ 51. Ke2 g4 52. Nd2 c3 53. Nb1 Ra2+ 54. Ke3 Rg2 55. Kf4 Rf2+ 56. Ke3 Rf3+ 57. Ke2 Rxg3 58. Rd1+ Kc4 59. Rf1 Rg2+ 60. Ke3 Rb2 61. Rg1 Kb3 62. Kd3 Rh2 63. Rf1 Rh3+ 64. Kd4 Rf3 65. Re1 g3 66. Rg1 f4 67. Ke4 Rf2 68. Kd3 g2 69. Nxc3 bxc3 0-1

[Event "1st 4NCL International Open"]
[Site "Telford"]
[Date "2018.11.03"]
[Round "6"]
[White "Akeya-Price, Robert"]
[Black "Gibson, Christopher A"]
[Result "1/2-1/2"]
[ECO "E81"]
[WhiteElo "1730"]
[BlackElo "1924"]
[Annotator "NA"]
[PlyCount "59"]
[EventDate "2018.10.31"]
[EventType "swiss"]
[EventCountry "GBR"]
[SourceTitle "playchess.com"]
[Source "ChessBase"]
[SourceQuality "1"]
[TimeControl "5400+30"]

1. d4 Nf6 2. c4 g6 3. Nc3 Bg7 4. e4 d6 5. f3 O-O 6. Be3 c5 7. dxc5 dxc5 8. Qxd8 Rxd8 9. Bxc5 Nc6 10. Nd5 Nd7 11. Bxe7 Nxe7 12. Nxe7+ Kf8 13. Nd5 Ne5 14. Rd1 Be6 15. b3 Nc6 16. Ne2 Bxd5 17. cxd5 Nb4 18. g3 Nxa2 19. Bh3 a5 20. O-O b5 21. f4 Nc3 22. Nxc3 Bxc3 23. Rd3 b4 24. e5 a4 25. bxa4 Rxa4 26. d6 Ra1 27. Rxa1 Bxa1 28. Rb3 Bc3 29. Kf2 f5 30. d7 1/2-1/2

[Event "1st 4NCL International Open"]
[Site "Telford"]
[Date "2018.11.03"]
[Round "7"]
[White "Richardson, John R"]
[Black "Mihalik, Agoston"]
[Result "1-0"]
[ECO "E43"]
[WhiteElo "2213"]
[BlackElo "2223"]
[Annotator "NA"]
[PlyCount "85"]
[EventDate "2018.10.31"]
[EventType "swiss"]
[EventCountry "GBR"]
[SourceTitle "playchess.com"]
[Source "ChessBase"]
[SourceQuality "1"]
[TimeControl "5400+30"]

1. d4 Nf6 2. c4 e6 3. Nc3 Bb4 4. e3 b6 5. Bd3 Bb7 6. Nge2 Bxg2 7. Rg1 Be4 (7... Bf3 $15) 8. a3 Bxc3+ 9. Nxc3 Bg6 10. e4 {[%emt 0:01:17] E43: Nimzo-Indian: Rubinstein: 4...b6} d6 (10... d5 11. Bg5 dxc4 12. Bxc4 Qd7 13. Bxf6 gxf6 14. h4 h5 15. d5 exd5 16. Nxd5 Qd6 17. Qa4+ Kf8 {½-½ (29) Rakhmanov,A (2591)-Efimenko,Z (2657) Moscow 2010}) 11. Bg5 e5 12. f4 exf4 {[%emt 0:12:18] LiveBook: 3 Games} 13. Qd2 $146 ({Predecessor:} 13. Nd5 c6 14. Nxf4 Nbd7 15. Qf3 Qc7 16. O-O-O O-O-O 17. h4 Rhe8 {1-0 (28) Baburin,A (2545)-Likavsky,T (2485) Arvier 2007}) 13... h6 14. Bh4 Nxe4 (14... c5 $16) 15. Bxd8 Nxd2 16. Kxd2 Bxd3 (16... Kxd8 $11 17. Bxg6 fxg6 18. Rxg6 Nc6) 17. Kxd3 Kxd8 18. Rxg7 Rf8 19. Rf1 c6 20. Rxf4 Ke7 21. Rh7 Na6 22. Ne4 Nc7 23. Ng3 Ne6 24. Nf5+ Kd7 25. Rh4 d5 26. cxd5 cxd5 27. R4xh6 Ng5 ({Black should try} 27... Rae8 $1 $14) 28. Rd6+ Kc7 29. Rg7 Rg8 30. Rxd5 Rxg7 31. Nxg7 Ne6 32. Rf5 Nxg7 33. Rxf7+ Kc6 34. Rxg7 Rh8 35. Rxa7 Rxh2 36. Kc3 Rh3+ 37. Kc4 b5+ 38. Kb4 Rd3 39. Ra6+ $18 Kb7 40. Rd6 Kc7 41. Rd5 Kc6 42. Rc5+ Kd6 43. Rxb5 1-0

[Event "1st 4NCL International Open"]
[Site "Telford"]
[Date "2018.11.03"]
[Round "7"]
[White "Britton, Richard L"]
[Black "Ahluwalia, Amardip"]
[Result "1/2-1/2"]
[ECO "C78"]
[WhiteElo "2204"]
[BlackElo "2085"]
[Annotator "NA"]
[PlyCount "77"]
[EventDate "2018.10.31"]
[EventType "swiss"]
[EventCountry "GBR"]
[SourceTitle "playchess.com"]
[Source "ChessBase"]
[SourceQuality "1"]
[TimeControl "5400+30"]

1. e4 e5 2. Nf3 Nc6 3. Bb5 a6 4. Ba4 Nf6 5. O-O b5 6. Bb3 Bc5 7. c3 d6 {[%emt 0:00:39] LiveBook: 1287 Partien} 8. d3 {[%emt 0:01:33] C78: Ruy Lopez: Archangelsk and Möller Defences} (8. a4 b4 9. d4 Ba7 10. Bg5 Rb8 11. Bd5 Ne7 12. dxe5 Nfxd5 13. exd5 O-O 14. exd6 Qxd6 15. c4 Nf5 16. Nbd2 {1-0 (41) Nepomniachtchi,I (2757)-Kramnik,V (2792) Dortmund 2018}) 8... Bb6 9. a4 Rb8 10. Na3 O-O (10... b4 $11 11. Nc4 Ba7) 11. Bg5 $146 ({White should play Predecessor:} 11. axb5 $16 axb5 12. Nxb5 d5 13. exd5 Nxd5 14. h3 h6 15. Na3 Be6 16. Ba4 Nde7 17. Qe2 Qd6 18. Nc4 Bxc4 19. dxc4 f5 20. b4 e4 21. c5 Qd5 22. Nd2 {1-0 (22) Oleksienko,M (2608)-Lagerman,R (2305) Reykjavik 2013}) 11... h6 12. Bh4 g5 13. Bg3 Bg4 14. axb5 axb5 15. Kh1 (15. h3 $16 Bd7 16. Nxb5) 15... Ne7 16. Nc2 Ng6 17. Ne3 Qd7 18. Nxg4 Qxg4 19. h3 Qd7 20. Ng1 Kg7 21. Ne2 Nh5 22. Bh2 Nhf4 23. Ng3 Nh4 24. Nh5+ Nxh5 25. Qxh5 Ng6 26. Rad1 Qe7 27. Bg3 Rbd8 28. Rfe1 Nf4 29. Bxf4 gxf4 30. d4 Qf6 31. g3 fxg3 32. Rg1 Qxf2 $15 33. Rg2 Qf4 34. Rdg1 Kh7 35. Rxg3 Rg8 36. Rf3 Rxg1+ 37. Kxg1 Qg5+ 38. Qxg5 hxg5 39. Rxf7+ 1/2-1/2

[Event "1st 4NCL International Open"]
[Site "Telford"]
[Date "2018.11.03"]
[Round "7"]
[White "Stepanyan, Henrik"]
[Black "Ferrington, Nigel M"]
[Result "1-0"]
[ECO "D02"]
[WhiteElo "2158"]
[BlackElo "2130"]
[Annotator "NA"]
[PlyCount "117"]
[EventDate "2018.10.31"]
[EventType "swiss"]
[EventCountry "GBR"]
[SourceTitle "playchess.com"]
[Source "ChessBase"]
[SourceQuality "1"]
[TimeControl "5400+30"]

1. d4 d5 2. Nf3 c5 3. g3 cxd4 4. Bg2 f6 {[%emt 0:07:42] D02: 1 d4 d5 2 Nf3 sidelines, including 2...Nf6 3 g3 and 2...Nf6 3 Bf4} (4... Qa5+ 5. Kf1 Nf6 6. Nxd4 e6 7. Nb3 Qa6 8. Nc3 Be7 9. a4 Bd7 10. Bf4 O-O 11. Kg1 Rc8 12. e3 {1-0 (54) Sokolov,I (2643)-Gleizerov,E (2546) Koge 2013}) 5. Nxd4 e5 6. Nb3 Be6 $146 ({Predecessor:} 6... Ne7 7. c4 dxc4 8. Qxd8+ Kxd8 9. Na5 Nec6 10. Bd2 Bc5 11. Na3 Bxa3 12. bxa3 {1-0 (61) Muse,M (2379)-Jakubowski,K (2520) Germany 2017}) 7. O-O Nc6 8. Nc3 d4 9. Ne4 Bd5 10. c3 f5 $1 11. Bg5 Be7 12. Bxe7 Qxe7 13. Nec5 Bxg2 $1 14. Kxg2 dxc3 15. bxc3 Nf6 16. Qd3 {[%emt 0:00:50] [#]} b6 $1 17. Na6 Qb7 18. Qb5 O-O 19. Kg1 Rf7 20. Rad1 Rc8 21. Rd3 g6 22. Rfd1 Kg7 $15 23. a4 Nb8 24. Nb4 Qc7 25. Nd5 Qc4 26. Ne3 Qxb5 27. axb5 Nbd7 28. Na1 e4 29. Rd6 Rxc3 30. Nac2 Nc5 31. Nd4 Rc7 32. Rxf6 Rxe3 33. Rc6 Rxc6 34. bxc6 Rc3 35. Nb5 Rc2 36. Nxa7 Ne6 37. Rd7+ Kf6 38. Rxh7 Ke5 39. Rb7 Kd6 40. e3 Nc7 41. Rxb6 Ra2 42. Nc8+ Kc5 43. Rb1 Kxc6 44. Ne7+ Kd6 45. Nxg6 Nd5 46. Nh4 Ne7 47. Rb6+ Kc7 48. Rb5 Kc6 49. Rb8 Ra5 50. h3 Kc7 51. Rh8 Kd6 52. Rh6+ Kd5 53. Kg2 Rb5 54. Rh5 Kc4 55. Rh7 Re5 56. Rg7 Kd3 57. Ng6 Nxg6 58. Rxg6 Ke2 59. Rg5 1-0

[Event "1st 4NCL International Open"]
[Site "Telford"]
[Date "2018.11.03"]
[Round "7"]
[White "Zabrocki, Philip"]
[Black "White, Stuart A"]
[Result "1/2-1/2"]
[ECO "B25"]
[WhiteElo "1952"]
[BlackElo "2113"]
[Annotator "NA"]
[PlyCount "38"]
[EventDate "2018.10.31"]
[EventType "swiss"]
[EventCountry "GBR"]
[SourceTitle "playchess.com"]
[Source "ChessBase"]
[SourceQuality "1"]
[TimeControl "5400+30"]

1. e4 c5 2. Nc3 Nc6 3. g3 g6 4. Bg2 Bg7 5. d3 d6 6. f4 e6 7. Nf3 Nge7 8. O-O O-O {[%emt 0:00:03] LiveBook: 1467 Partien} 9. Be3 Nd4 10. Rb1 Nec6 11. Ne2 Rb8 12. c3 {[%emt 0:01:34] B25: Closed Sicilian: 3 g3, lines without early Be3} Nxf3+ 13. Bxf3 b6 (13... f5 14. exf5 gxf5 15. d4 cxd4 16. Nxd4 d5 17. Nxc6 bxc6 18. Bxa7 Ra8 19. Bc5 Rxa2 20. Bxf8 {1-0 (31) Stukopin,A (2471)-Usmanov,V (2289) Kirishi 2011}) 14. g4 Ne7 15. Ng3 f5 16. h3 $146 ({Predecessor:} 16. gxf5 gxf5 17. Nh5 Bh6 18. Kh1 Bb7 19. Rg1+ Kh8 20. Qd2 Ng6 21. c4 Qe7 22. Rg3 e5 23. exf5 Rxf5 24. Qe2 Rxh5 {0-1 (24) Vujosevic,M (2005)-Savovic,D (2247) Cetinje 2009}) 16... Kh8 17. Bg2 Bb7 18. d4 $15 Qc7 19. gxf5 gxf5 1/2-1/2

[Event "1st 4NCL International Open"]
[Site "Telford"]
[Date "2018.11.03"]
[Round "7"]
[White "Bennett, Dominic L"]
[Black "Mason, Donald J"]
[Result "0-1"]
[ECO "C01"]
[WhiteElo "1933"]
[BlackElo "2165"]
[Annotator "NA"]
[PlyCount "68"]
[EventDate "2018.10.31"]
[EventType "swiss"]
[EventCountry "GBR"]
[SourceTitle "playchess.com"]
[Source "ChessBase"]
[SourceQuality "1"]
[TimeControl "5400+30"]

1. Nf3 e6 2. e4 d5 3. exd5 exd5 4. d4 Nc6 5. Bg5 f6 6. Qe2+ Nge7 7. Bd2 Bg4 8. c3 Qd7 9. Qb5 Rb8 10. Be2 a6 11. Qa4 Ng6 12. h3 Be6 13. Qc2 Bd6 14. Bd3 O-O 15. b4 Rbe8 16. Kd1 Rf7 17. Kc1 a5 18. a3 Nce7 19. g4 b6 20. b5 c5 21. a4 c4 $19 22. Be2 Nf4 23. Bxf4 Bxf4+ 24. Kb2 Ng6 25. Ra2 Rfe7 26. Bf1 Bf7 27. Na3 Bd6 28. Qf5 Bxa3+ 29. Rxa3 Qd6 30. Qc2 Nf4 31. Ra2 Bg6 32. Qd1 Nd3+ 33. Bxd3 Bxd3 34. Nh4 Re2+ 0-1

[Event "1st 4NCL International Open"]
[Site "Telford"]
[Date "2018.11.03"]
[Round "7"]
[White "Gibson, Christopher A"]
[Black "Paul, Nathanael"]
[Result "0-1"]
[ECO "B14"]
[WhiteElo "1924"]
[BlackElo "1890"]
[Annotator "NA"]
[PlyCount "58"]
[EventDate "2018.10.31"]
[EventType "swiss"]
[EventCountry "GBR"]
[SourceTitle "playchess.com"]
[Source "ChessBase"]
[SourceQuality "1"]
[TimeControl "5400+30"]

1. e4 c6 2. d4 d5 3. exd5 cxd5 4. c4 Nf6 5. Nc3 Nc6 {[%emt 0:00:18] LiveBook: 2906 Games} 6. Bg5 e6 7. Nf3 Be7 8. Bd3 dxc4 {[%emt 0:04:14] B14: Caro-Kann: Panov-Botvinnik Attack with 5...e6 and 5...g6} 9. Bxc4 O-O 10. Rc1 a6 11. Bd3 b5 12. O-O Bb7 13. Bb1 {[%emt 0:18:26] [#]} Nd5 $146 ({Predecessor:} 13... Rc8 14. Re1 Re8 15. a3 Nb8 16. Ne5 Nbd7 17. Qe2 Nf8 18. Bxf6 Bxf6 19. Be4 Bxe4 20. Qxe4 {½-½ (40) Yevseev,D (2529)-Goganov,A (2523) St Petersburg 2012}) 14. Qd3 f5 15. Bxe7 Ncxe7 16. Ne2 Ng6 17. Qd2 Qd6 18. Rfe1 $15 Rf6 19. g3 Rd8 20. Ng5 Nb6 21. Nf4 Nc4 22. Rxc4 bxc4 23. Ngxe6 Re8 24. d5 Ne5 25. Qe3 Rfxe6 26. dxe6 Qc6 27. f3 Nxf3+ 28. Kf2 Nxe1 29. Qxe1 g5 0-1

[Event "1st 4NCL International Open"]
[Site "Telford"]
[Date "2018.11.03"]
[Round "7"]
[White "Rahulan, Thivyaa"]
[Black "Akeya-Price, Robert"]
[Result "0-1"]
[ECO "B10"]
[WhiteElo "1868"]
[BlackElo "1730"]
[Annotator "NA"]
[PlyCount "85"]
[EventDate "2018.10.31"]
[EventType "swiss"]
[EventCountry "GBR"]
[SourceTitle "playchess.com"]
[Source "ChessBase"]
[SourceQuality "1"]
[TimeControl "5400+30"]

1. e4 c6 2. c4 d5 3. cxd5 cxd5 4. exd5 Nf6 5. Qa4+ Nbd7 6. Nc3 g6 7. Bc4 Bg7 8. d3 {[%emt 0:01:29] B10: Caro-Kann: 2 d3 and 2 c4} O-O 9. Be3 (9. Nf3 a6 10. Qa3 b6 11. O-O Bb7 12. Re1 Re8 13. Be3 b5 14. Bb3 Nb6 15. Bxb6 Qxb6 {0-1 (36) Bortnyk,O (2579)-Grischuk,A (2747) ICC INT 2016}) 9... a6 10. Qa3 Nb6 11. Qb3 Nbd7 $146 ({Predecessor:} 11... Nxc4 12. dxc4 b5 13. cxb5 axb5 14. Rd1 b4 15. Qxb4 {0-1 (75) Seirawan,Y (2620)-Abel,D (2441) Berlin 2015}) 12. a4 b6 13. Nf3 Qc7 14. Rc1 Nc5 (14... Ng4 $1 $11) 15. Qa2 Bf5 16. Rd1 Bg4 17. b4 Ncd7 18. Rc1 Bxf3 19. gxf3 Qb7 20. Qd2 Rfc8 21. O-O Ne5 22. Qe2 b5 $11 23. f4 Nxc4 24. dxc4 Rxc4 25. axb5 axb5 26. Nxb5 Rxc1 27. Rxc1 Nxd5 28. Rb1 Rb8 29. Na3 Nc3 30. Qc2 Nxb1 31. Qxb1 Qxb4 32. Qxb4 Rxb4 33. Nc2 Rb2 34. Nd4 Bxd4 35. Bxd4 Rb3 36. Kg2 f6 37. Bc5 Kf7 38. Be3 Ke6 39. Kf3 Kf5 40. Kg2 h5 41. h3 Rd3 42. Kh2 Ke4 43. Kg2 0-1

[Event "1st 4NCL International Open"]
[Site "Telford"]
[Date "2018.11.03"]
[Round "7"]
[White "Ther, Mate"]
[Black "Ross, Stuart"]
[Result "1-0"]
[ECO "B38"]
[WhiteElo "1759"]
[BlackElo "1608"]
[Annotator "NA"]
[PlyCount "37"]
[EventDate "2018.10.31"]
[EventType "swiss"]
[EventCountry "GBR"]
[SourceTitle "playchess.com"]
[Source "ChessBase"]
[SourceQuality "1"]
[TimeControl "5400+30"]

1. e4 c5 2. Nf3 d6 3. d4 cxd4 4. Nxd4 Nf6 5. f3 a6 6. c4 g6 7. Nc3 Bg7 8. Be3 O-O 9. Be2 Bd7 10. O-O Nc6 11. Qd2 Rc8 12. Rac1 Ne5 13. b3 Nc6 14. Rfd1 Nxd4 15. Bxd4 Qa5 16. Nd5 Qxd2 17. Nxe7+ Kh8 18. Rxd2 Bh6 19. Bxf6+ 1-0